 Dungeon Crawl Stone Soup version 0.19.0-11-g3fc08b3 (console) character file.

123 OvidiusNaso the Magician (level 4, -5/24 HPs)
             Began as a Deep Elf Wizard on Nov 8, 2016.
             Slain by a worm (12 damage)
             ... on level 3 of the Dungeon.
             The game lasted 00:31:23 (1695 turns).

OvidiusNaso the Magician (Deep Elf Wizard)          Turns: 1695, Time: 00:31:23

Health: -5/24      AC:  3    Str:  4    XL:     4   Next: 80%
Magic:  5/14       EV: 13    Int: 24    God:
Gold:   136        SH:  0    Dex: 13    Spells: 3 memorised, 9 levels left

rFire  . . .     SeeInvis .     C - +4 dagger (venom)
rCold  . . .     Gourm    .     w - +0 robe
rNeg   . . .     Faith    .     (no shield)
rPois  .         Spirit   .     b - +0 hat
rElec  .         Reflect  .     (no cloak)
rCorr  .         Harm     .     e - +0 pair of gloves
MR     .....                    (no boots)
Stlth  ++........               g - amulet of regeneration
                                (no ring)
                                (no ring)

@: no status effects
A: no striking features
a: no special abilities


You were on level 3 of the Dungeon.
You were not hungry.

You visited 1 branch of the dungeon, and saw 3 of its levels.

You collected 136 gold pieces.

Inventory:

Hand Weapons
 f - a +1 dagger
 C - a +4 dagger of venom (weapon)
Armour
 b - a +0 hat (worn)
 e - a +0 pair of gloves (worn)
 w - a +0 robe (worn)
Jewellery
 a - an uncursed ring of flight
 g - an amulet of regeneration (around neck)
 i - an uncursed ring of protection from fire
 y - an uncursed ring of fire
Wands
 r - a wand of random effects (37/48)
Scrolls
 k - a scroll of random uselessness {unknown}
 n - 4 scrolls of identify
 p - a scroll of fog {unknown}
 q - a scroll of remove curse
 v - a scroll of fear {unknown}
 x - 2 scrolls of noise {unknown}
Potions
 l - a potion of resistance {unknown}
 s - a potion of heal wounds {unknown}
 z - a potion of haste {unknown}
 A - a potion of ambrosia {unknown}
Books
 c - a book of Minor Magic

   Spells                             Type                      Level
   a - Magic Dart                     Conjuration                  1
   b - Blink                          Translocation                2
   c - Call Imp                       Summoning                    2
   d - Repel Missiles                 Charms/Air                   2
   e - Slow                           Hexes                        2
   f - Conjure Flame                  Conjuration/Fire             3
   g - Mephitic Cloud                 Conjuration/Poison/Air       3
Comestibles
 d - 2 bread rations
 B - 2 meat rations


   Skills:
 + Level 3.5 Dodging
 - Level 2.4 Stealth
 * Level 6.4 Spellcasting
 + Level 2.4 Conjurations
   Level 1.1 Summonings
 - Level 1.1 Translocations


You had 9 spell levels left.
You knew the following spells:

 Your Spells              Type           Power        Failure   Level  Hunger
a - Magic Dart            Conj           ###.         2%          1    None
b - Blink                 Tloc           N/A          10%         2    None
c - Conjure Flame         Conj/Fire      ##......     17%         3    None


Dungeon Overview and Level Annotations

Branches:
Dungeon (3/15)

Altars:


Message History

You hit the centaur zombie.
You destroy the centaur zombie!
The worm closely misses you.
Casting: Blink
Confirm with . or Enter, or press ? or * to list all spells.
Aiming: Magic Dart
Press: ? - help, Shift-Dir - straight line, f - worm
Aim: a worm The magic dart hits the worm.
The worm is lightly wounded.
Casting: Magic Dart
Confirm with . or Enter, or press ? or * to list all spells.
Aiming: Magic Dart
Press: ? - help, Shift-Dir - straight line, f/p - worm
Aim: a worm (lightly wounded)
The magic dart hits the worm.
The worm is moderately wounded.
The worm bites you!
Ouch! That really hurt!
You die...

#.......# #..####.#
####### #..# #.# #
#.....# #..# #.#
#.#.....# #..# #<#
#.#.....#######..######
.......................
###.....###############
#.....# #.....# #######
#...@.# #.....#
#....w#######.....#
#.$...#...........###
#######.........####.
#.........# #.
#.........# #.
#.........# #.
#.........# #.
#.........####.
#............†.
#.........####)


You could see a worm.

Vanquished Creatures
  A centaur zombie (D:3)
  An orc wizard (D:3)
  An adder (D:3)
  A dart slug (D:2)
  2 leopard geckos
  7 orcs (D:3)
  A bat (D:1)
  2 giant cockroaches
  2 goblins (D:1)
  8 hobgoblins
  2 jackals (D:1)
  A quokka (D:2)
  2 frilled lizards
  4 kobolds
  6 rats
41 creatures vanquished.

Notes
Turn   | Place    | Note
-------+----------+-------------------------------------------
     0 | D:1      | OvidiusNaso the Deep Elf Wizard began the quest for the Orb.
     0 | D:1      | Reached XP level 1. HP: 10/10 MP: 7/7
   217 | D:1      | Reached skill level 5 in Spellcasting
   298 | D:1      | Reached XP level 2. HP: 15/15 MP: 5/10
   568 | D:2      | Learned a level 2 spell: Blink
  1100 | D:2      | Reached XP level 3. HP: 10/19 MP: 2/12
  1106 | D:2      | Learned a level 3 spell: Conjure Flame
  1320 | D:3      | Reached skill level 6 in Spellcasting
  1320 | D:3      | Reached XP level 4. HP: 14/24 MP: 0/14
  1686 | D:3      | HP: 1/24 [cloud of flame (23)]
  1695 | D:3      | Slain by a worm

Skill      XL: |  1  2  3  4 |
---------------+-------------+-----
Spellcasting   | 5 6 |  6.4
Dodging        | 3 |  3.5
Conjurations   | 2 |  2.4
Stealth        | |  2.4
Summonings     | |  1.1
Translocations | |  1.1

Action                   |  1- 3 |  4- 6 || total
-------------------------+-------+-------++-------
Melee: Dagger            |    10 |    14 ||    24
 Cast: Magic Dart        |    85 |    29 ||   114
       Conjure Flame     |     1 |     2 ||     3
       Blink             |       |     2 ||     2
Evoke: Wand              |       |     2 ||     2
  Use: Scroll            |     4 |     3 ||     7
       Potion            |     1 |     1 ||     2
  Eat: Fruit             |     1 |       ||     1
       Beef jerky        |       |     1 ||     1
Armor: Robe              |     5 |     2 ||     7
Dodge: Dodged            |    20 |    10 ||    30
